 Dungeon Crawl Stone Soup version 0.32-a0-163-g159c032296 (webtiles) character file.

Game seed: 4857417722683825670

13581 anacleto the Skirmisher (level 11, -8/99 HPs)
             Began as a Minotaur Hunter on Feb 11, 2024.
             Was an Elder of Fedhas.
             Mangled by a white ugly thing (28 damage)
             ... on level 12 of the Dungeon.
             The game lasted 00:46:23 (14461 turns).

anacleto the Skirmisher (Minotaur Hunter)          Turns: 14461, Time: 00:46:23

Health: -8/99      AC:  9    Str: 15    XL:     11   Next: 77%
Magic:  15/15      EV: 13    Int:  6    God:    Fedhas [****..]
Gold:   536        SH:  0    Dex: 19    Spells: 10/10 levels left

rFire   . . .        b - +0 shortbow
rCold   . . .        (shield currently unavailable)
rNeg    . . .        t - +0 chain mail
rPois   .            (helmet restricted)
rElec   .            (no cloak)
rCorr   .            e - +0 pair of gloves
SInv    +            (no boots)
Will    .....        x - amulet of regeneration Stlth
                     y - +5 ring of evasion
HPRegen 1.16/turn    d - ring of see invisible
MPRegen 0.14/turn

%: no passive effects
@: no status effects
A: horns 2, retaliatory headbutt
a: Renounce Religion, Wall of Briars, Grow Ballistomycete, Overgrow


You were on level 12 of the Dungeon.
You worshipped Fedhas.
Fedhas was greatly pleased with you.
You visited 2 branches of the dungeon, and saw 13 of its levels.

You collected 646 gold pieces.
You spent 110 gold pieces at shops.

Inventory:

Hand Weapons
 a - the +10 trident of Fedhas, Twisting {vamp, Dex+4}
   (You found it on level 11 of the Dungeon)

   Dex+4:     It affects your dexterity (+4).
 b - a +0 shortbow (weapon)
 q - a +2 dagger of speed
 r - a +1 dagger of venom
 B - the +2 morningstar "Jywuf" {antimagic, *Noise +Blink rC++ Str+2}
   (You took it off a goblin on level 4 of the Dungeon)

   Str+2:     It affects your strength (+2).
   rC++:      It greatly protects you from cold.
   +Blink:    It lets you blink.
   *Noise:    It may make a loud noise when swung.
Missiles
 g - a throwing net
Armour
 e - a +0 pair of gloves (worn)
 t - a +0 chain mail (worn)
Jewellery
 d - a ring of see invisible (right hand)
 x - an amulet of regeneration (around neck)
 y - a +5 ring of evasion (left hand)
Wands
 k - a wand of mindburst (7)
 o - a wand of iceblast (4)
 p - a wand of charming (7)
Scrolls
 h - 3 scrolls of immolation
 l - 2 scrolls of revelation
 m - a scroll of fog
 s - 4 scrolls of vulnerability
 u - 2 scrolls of enchant weapon
 w - 2 scrolls of poison
 A - a scroll of butterflies
 C - a scroll of amnesia
Potions
 c - 3 potions of might
 f - a potion of ambrosia
 i - a potion of resistance {unknown}
 j - a potion of attraction
 n - a potion of heal wounds {unknown}
 v - a potion of enlightenment
 z - a potion of haste {unknown}
 D - a potion of invisibility {unknown}
 E - 2 potions of lignification


   Skills:
 + Level 10.1 Fighting
 - Level 9.0 Maces & Flails
 + Level 2.9 Polearms
 + Level 12.7 Ranged Weapons
 - Level 2.4 Dodging
 - Level 1.2 Stealth
 + Level 7.1 Invocations
 + Level 7.1 Evocations


You had 10 spell levels left.
You didn't know any spells.
Your spell library contained the following spells:

 Spells                   Type           Power      Damage    Failure   Level
 Magic Dart               Conj           0%         1d3       100%        1
 Blink                    Tloc           0%         N/A       100%        2
 Call Imp                 Summ           0%         N/A       100%        2
 Jinxbite                 Hex            0%         N/A       100%        2
 Lesser Beckoning         Tloc           0%         N/A       100%        2
 Momentum Strike          Conj/Tloc      0%         3d8       100%        2
 Scorch                   Fire           0%         2d5       100%        2
 Sublimation of Blood     Necr           0%         N/A       100%        2
 Fugue of the Fallen      Necr           0%         N/A       100%        3
 Ozocubu's Armour         Ice            0%         N/A       100%        3
 Summon Ice Beast         Ice/Summ       0%         N/A       100%        3
 Flame Wave               Conj/Fire      0%         2d4       100%        4
 Manifold Assault         Tloc           0%         N/A       100%        4
 Summon Mana Viper        Hex/Summ       0%         N/A       100%        5
 Yara's Violent Unravell  Hex/Alch       0%         3d3       100%        5
 Summon Cactus Giant      Summ           0%         N/A       100%        6
 Enfeeble                 Hex            0%         N/A       100%        7
 Monstrous Menagerie      Summ           0%         N/A       100%        7
 Summon Hydra             Summ           0%         N/A       100%        7


Dungeon Overview and Level Annotations

Branches:
Dungeon (12/15)            Temple (1/1) D:5            Lair (0/5) D:9
    Orc (0/2) D:10

Altars:
Ashenzari
Cheibriados
Dithmenos
Elyvilon
Fedhas
Gozag
Hepliaklqana
Kikubaaqudgha
Makhleb
Nemelex Xobeh
Okawaru
Qazlal
Ru
Sif Muna
Trog
Uskayaw
Vehumet
Wu Jian
Xom
Yredelemnul
Zin
The Shining One

Shops:
D:5 *[[   D:7 :


Innate Abilities, Weirdness & Mutations

You have a pair of horns on your head.
You reflexively headbutt those who attack you in melee.


Message History

Really target yourself?
Okay, then.
HP restored.
Found a chain mail.
There is an escape hatch in the floor here.
h - 3 scrolls of immolation (gained 1)
You see here a +0 chain mail.
As you open the door, it creaks loudly!
There is an open door here.
You open the door.
There is an open door here.
Found a stone staircase leading down.
You open the door.
Found a stone staircase leading up.
A white ugly thing comes into view.
Found a stone staircase leading down.
The white ugly thing gurgles horribly!
There is an open door here.
The white ugly thing barely misses you. You furiously retaliate!
You headbutt the white ugly thing.
The white ugly thing attacks as it pursues you!
The white ugly thing trunk-slaps you. The white ugly thing freezes you!
The white ugly thing attacks as it pursues you!
The white ugly thing trunk-slaps you. The white ugly thing freezes you!!
The white ugly thing trunk-slaps you but does no damage.
Aiming: Mindburst
Press: ? - help, Shift-Dir - straight line, f - white ugly thing
Aim: a white ugly thing (lightly wounded, chance to affect: 73%)
The white ugly thing's mind is blasted!
The white ugly thing trunk-slaps you but does no damage.
Unknown command.
The white ugly thing attacks as it pursues you!
The white ugly thing trunk-slaps you! The white ugly thing freezes you!!
* * * LOW HITPOINT WARNING * * *
The white ugly thing attacks as it pursues you!
The white ugly thing trunk-slaps you.
* * * LOW HITPOINT WARNING * * *
The white ugly thing freezes you!!
You die...
Fedhas appreciates your contribution to the ecosystem.

#.......#
.####.......#
............#
##..#.......#
#.##.....>.#
#. #.......#
. #####.###
#.u# ##@#
#'### #...#
###.#.#
#...#.#
#.###.#
#...#.#
#.###.#.#
#.......#


You could see a white ugly thing.

Vanquished Creatures
  A two-headed ogre (D:9)
  Amaemon (D:8)
  Lodul (D:10)
  A cyclops (D:11)
  Joseph (D:8)
  A gargoyle (D:11)
  An orange demon (D:9)
  Jeremiah (D:8)
  3 unseen horrors
  A komodo dragon (D:11)
  2 trolls
  Grinder (D:5)
  Sigmund (D:3)
  A shadow (D:11)
  A wyvern (D:10)
  2 water elementals (D:11)
  A basilisk (D:11)
  Eustachio (D:4)
  4 yaks (D:10)
  Grum (D:8)
  4 vampire mosquitoes (D:10)
  Menkaure (D:7)
  3 acid dragons
  2 water moccasins
  5 orc warriors
  An ice beast (D:7)
  2 black bears
  6 wolves
  11 ogres
  5 centaurs
  2 kobold brigands
  2 gnoll sergeants
  2 bullfrogs (D:8)
  6 scorpions
  7 wights
  4 killer bees (D:9)
  6 electric eels
  4 howler monkeys
  A bombardier beetle (D:4)
  2 jellies
  7 orc priests
  9 hounds
  An iguana (D:9)
  A sleepcap (D:3)
  Ijyb (D:3)
  7 orc wizards
  13 gnolls
  4 adders
  2 ufetubi (D:7)
  2 ribbon worms (D:2)
  6 dart slugs
  42 orcs
  7 ball pythons
  7 bats
  4 endoplasms
  4 giant cockroaches
  13 goblins
  A hobgoblin (D:4)
  14 kobolds
  4 quokkas
  2 frilled lizards (D:1)
  4 rats
258 creatures vanquished.

Vanquished Creatures (collateral kills)
  A hornet (D:11)
  2 orc warriors
  An orc wizard (D:8)
  3 orcs
  2 kobolds (D:11)
9 creatures vanquished.

Vanquished Creatures (others)
  An orc (D:5)
1 creature vanquished.

Grand Total: 268 creatures vanquished

Notes
Turn   | Place    | Note
-------+----------+-------------------------------------------
     0 | D:1      | anacleto the Minotaur Hunter began the quest for the Orb.
     0 | D:1      | Reached XP level 1. HP: 18/18 MP: 0/0
    97 | D:1      | Reached skill level 1 in Stealth
   164 | D:1      | Reached XP level 2. HP: 25/25 MP: 1/1
   836 | D:1      | Reached skill level 5 in Ranged Weapons
   883 | D:1      | Reached XP level 3. HP: 30/30 MP: 2/2
  1088 | D:1      | HP: 1/30 [gnoll/+0 club (2)]
  1642 | D:2      | Reached XP level 4. HP: 37/37 MP: 3/3
  2033 | D:2      | Reached skill level 6 in Ranged Weapons
  2237 | D:3      | You fall into a shaft and drop 3 floors!
  2279 | D:6      | Noticed a shadow
  2280 | D:6      | Found a shadowy altar of Dithmenos.
  2281 | D:6      | Found a hazy altar of Hepliaklqana.
  2305 | D:5      | Entered Level 5 of the Dungeon
  2305 | D:5      | Noticed Eustachio
  2322 | D:4      | HP: 1/37 [adder (3)]
  2332 | D:3      | Reached XP level 5. HP: 4/42 MP: 4/4
  2509 | D:3      | Noticed Ijyb
  2515 | D:3      | Noticed Sigmund
  2543 | D:3      | Killed Ijyb
  3012 | D:3      | Killed Sigmund
  3013 | D:3      | Reached skill level 8 in Ranged Weapons
  3013 | D:3      | Reached XP level 6. HP: 18/50 MP: 5/5
  3546 | D:4      | Reached skill level 9 in Ranged Weapons
  3546 | D:4      | Reached XP level 7. HP: 25/56 MP: 6/6
  3605 | D:4      | Identified the +2 morningstar "Jywuf" {antimagic, *Noise
                  | +Blink rC++ Str+2}
  3770 | D:4      | Reached skill level 1 in Maces & Flails
  4287 | D:4      | Found an ornate altar of the Wu Jian Council.
  4358 | D:5      | Found a staircase to the Ecumenical Temple.
  4453 | D:5      | Reached skill level 1 in Evocations
  4499 | Temple   | Entered the Ecumenical Temple
  4535 | Temple   | Became a worshipper of Fedhas Madash
  4582 | D:5      | Found Remni's Armour Emporium.
  4603 | D:5      | Found Qoiblaumn's Antique Armour Shop.
  4618 | D:5      | Reached XP level 8. HP: 25/66 MP: 2/7
  4818 | D:5      | Found Ubruc Ymyoz's General Store.
  4828 | D:5      | Bought a potion of curing for 30 gold pieces
  5294 | D:4      | Killed Eustachio
  5295 | D:4      | Reached skill level 5 in Fighting
  5295 | D:4      | Reached skill level 10 in Ranged Weapons
  5871 | D:5      | Found a radiant altar of Vehumet.
  5889 | D:5      | Noticed Grinder
  5894 | D:5      | Reached skill level 1 in Invocations
  5907 | D:5      | Killed Grinder
  6279 | D:6      | Reached * piety under Fedhas
  6478 | D:6      | Reached skill level 5 in Maces & Flails
  6478 | D:6      | Reached XP level 9. HP: 72/75 MP: 3/9
  6548 | D:6      | Found an iron altar of Okawaru.
  6910 | D:7      | Found Fesadd's Book Shop.
  7071 | D:7      | Noticed Menkaure
  7079 | D:7      | Killed Menkaure
  7606 | D:8      | Noticed Grum
  7619 | D:8      | Killed Grum
  7885 | D:8      | Reached skill level 11 in Ranged Weapons
  7906 | D:8      | Reached ** piety under Fedhas
  8231 | D:8      | Noticed Jeremiah
  8262 | D:8      | Killed Jeremiah
  8613 | D:8      | Noticed Joseph
  8640 | D:8      | Killed Joseph
  8641 | D:8      | Reached skill level 5 in Evocations
  8641 | D:8      | Reached XP level 10. HP: 49/86 MP: 4/12
  8733 | D:8      | Found a stormy altar of Qazlal.
  8809 | D:9      | Noticed an orange demon
  8809 | D:9      | Noticed Amaemon
  9310 | D:8      | Killed Amaemon
  9345 | D:9      | Killed an orange demon
  9653 | D:8      | Reached skill level 5 in Invocations
 10174 | D:9      | Found a bloodstained altar of Trog.
 10356 | D:9      | Reached *** piety under Fedhas
 10481 | D:9      | Noticed a two-headed ogre
 10660 | D:9      | Killed a two-headed ogre
 10866 | D:9      | Found an opulent altar of Gozag.
 10982 | D:9      | Found a staircase to the Lair.
 11652 | D:10     | Entered Level 10 of the Dungeon
 11704 | D:10     | Reached skill level 12 in Ranged Weapons
 11704 | D:10     | Reached XP level 11. HP: 35/95 MP: 4/14
 11829 | D:10     | Found a staircase to the Orcish Mines.
 11886 | D:10     | Noticed Lodul
 11894 | D:10     | Killed Lodul
 12504 | D:10     | Found a snail-covered altar of Cheibriados.
 12624 | D:10     | Found a burning altar of Makhleb.
 12785 | D:11     | Identified the +10 trident of Fedhas, Twisting {vamp,
                  | Dex+4}
 13127 | D:11     | Reached skill level 1 in Polearms
 13199 | D:11     | Reached **** piety under Fedhas
 13591 | D:11     | Reached skill level 10 in Fighting
 14160 | D:5      | Bought a scroll of identify for 20 gold pieces
 14160 | D:5      | Bought 2 potions of lignification for 60 gold pieces
 14446 | D:12     | Noticed a white ugly thing
 14461 | D:12     | Mangled by a white ugly thing

Illustrated notes

Levels and vault maps discovered:
D:1:      sevenhm_arrival_forest_fort_large_2, layout_basic, dk_noncrumbling_2
D:2:      layout_basic, serial_glass, glass_columns_b, glass_columns_b,
          minmay_strange_pillars
D:3:      layout_rooms, serial_corexii_hall, corexii_hall_statues_x,
          chequers_hall_statues_wall_a, corexii_leaking_fountain,
          hellmonk_no_cap, uniq_ijyb, uniq_sigmund
D:4:      layout_basic, pdpol_wu_jian_five_deadly_venoms, serial_park_tiny_pond,
          grunt_decor_one_mirror
D:5:      layout_rooms, lemuel_doored_altar, minmay_temple_entry_proselytizer,
          serial_shops, kennysheep_mini_moat, shop, shop, uniq_eustachio,
          uniq_grinder
D:6:      layout_rooms, riverfiend_overflow_shadow_ancestor, okawaru_gym_becter
D:7:      layout_basic, serial_shops, nicolae_book_shop_shelving, uniq_menkaure
D:8:      layout_cave_pods, kennysheep_mini, uniq_grum, uniq_joseph,
          uniq_jeremiah
D:9:      layout_layer_cave, nicolae_gozag_seed_capital, trog_butcher_becter,
          erik_lair_island, minmay_orc_keep, uniq_amaemon
D:10:     layout_rooms, lightli_temple_of_fire, kennysheep_slug_shrine,
          orc_0_dummy, uniq_lodul
D:11:     layout_basic
D:12:     layout_roguey, gammafunk_ghost_cemetery, uniq_frances
Temple:   nicolae_temple_godzebo

Skill      XL: |  1  2  3  4  5  6  7  8  9 10 11 |
---------------+----------------------------------+-----
Stealth        | 1 |  1.2
Ranged Weapons | 5 6 8 9 10 11 12 | 12.7
Fighting       | 4 5 7 8 10 | 10.1
Maces & Flails | 3 5 6 8 9 |  9.0
Evocations     | 1 3 5 6 7 |  7.1
Invocations    | 2 4 5 7 |  7.1
Polearms       | 2 |  2.9
Dodging        | |  2.4

Action                     |  1- 3 |  4- 6 |  7- 9 | 10-12 || total
---------------------------+-------+-------+-------+-------++-------
  Melee: Dagger            |       |    27 |     4 |       ||    31
         Headbutt          |       |     6 |    26 |    54 ||    86
         Morningstar       |       |       |   158 |   182 ||   340
         Punch             |       |       |     3 |     3 ||     6
         Trident           |       |       |       |    68 ||    68
   Fire: Shortbow          |   120 |   115 |   237 |   193 ||   665
 Invoke: Wall of Briars    |       |       |     3 |     6 ||     9
Ability: Evoke Blink       |       |       |     5 |     1 ||     6
  Evoke: Wand              |       |     1 |    14 |    16 ||    31
    Use: Potion            |       |     1 |       |     5 ||     6
         Scroll            |       |     6 |    11 |    12 ||    29
 Armour: Leather armour    |    38 |    59 |     7 |       ||   104
         Skin              |       |    12 |       |    16 ||    28
         Chain mail        |       |       |   293 |   334 ||   627
  Dodge: Dodged            |    36 |    40 |   145 |   273 ||   494

Table legend: (Time is in decaauts)
 A = Elapsed time spent in this place.
 B = Non-inter-level travel time spent in this place.
 C = Inter-level travel time spent in this place.
 D = Time resting spent in this place.
 E = Time spent auto-exploring this place.
 F = Levels seen in this place.
 G = Mean time per level.
                   A        B        C        D        E       F      G
               +--------+--------+--------+--------+--------+-----+--------+
         Total |  14630 |  13765 |    865 |   2816 |   8018 |  13 | 1125.4 |
       Dungeon |  14564 |  13728 |    836 |   2816 |   8018 |  12 | 1213.7 |
        Temple |     65 |     36 |     29 |      0 |      0 |   1 |   65.0 |
               +--------+--------+--------+--------+--------+-----+--------+

Top non-repeatable levels by time:
     D:9: 2358 daAuts
     D:4: 1887 daAuts
     D:8: 1847 daAuts
    D:11: 1429 daAuts
     D:1: 1224 daAuts
     D:5: 1211 daAuts
    D:10: 1052 daAuts
     D:2: 1033 daAuts
     D:7: 959 daAuts
     D:3: 868 daAuts
     D:6: 562 daAuts
    D:12: 130 daAuts
  Temple: 65 daAuts
